 Dungeon Sprint DCSS version bcrawl-1.27.1d (webtiles) character file.

Game seed: 16139765084912490233

5600000 Freyura the Conqueror (level 22, -162/212 HPs)
             Began as a Demonspawn Abyssal Knight on July 27, 2020.
             Was a High Priest of Lugonu.
             Annihilated by a destroyer
             ... wielding a +9 great sword of slicing
              (182 damage)
             ... in the Dungeon (Sprint VIII: "Arena of Blood").
             The game lasted 00:06:05 (56 turns).

Freyura the Conqueror (Demonspawn Abyssal Knight)     Turns: 56, Time: 00:06:05

Health: -162/212   AC: 15    Str: 14    XL:     22   Next: 1%
Magic:  0/53       EV: 34    Int: 16    God:    Lugonu [*****.]
Gold:   0          SH:  0    Dex: 19    Spells: 75/75 levels left

rFire    . . .     SeeInvis .   l - +∞ Axe of Woe
rCold    . . .     Gourm    .   (shield currently unavailable)
rNeg     . . .     Faith    .   b - +0 leather armour
rPois    .         Spirit   +   (helmet restricted)
rElec    .         Reflect  .   (no cloak)
rCorr    .         Harm     .   (no gloves)
MR       +....     NoTele   +   (no boots)
Stlth    ++++++++++             (no amulet)
HPRegen  0.45/turn              m - +30 ring of slaying
MPRegen  0.66/turn              n - +30 ring of slaying

@: sanguine armour
A: horns 2, nightstalker 3, magic shield, magic regeneration, magic link,
sanguine armour 2
a: Bend Space, Banish, Corrupt, Renounce Religion


You were in the Dungeon.
You worshipped Lugonu.
Lugonu was extremely pleased with you.
You were not hungry.

You visited 1 branch

Inventory:

Hand Weapons
 a - a +1 hand axe
 l - the +∞ Axe of Woe (weapon)
   (You found it in the Dungeon)
Missiles
 c - 10 tomahawks of dispersal {=f}
 d - 40 stones (quivered)
Armour
 b - a +0 leather armour (worn)
 g - a scarf of stasis
 i - a +2 cloak of magic resistance
Jewellery
 m - a +30 ring of slaying (left hand)
 n - a +30 ring of slaying (right hand)
Scrolls
 k - a scroll of blinking
Potions
 f - a potion of curing
 h - a potion of haste
 j - a potion of berserk rage
Comestibles
 e - a ration {!d}


   Skills:
 O Level 27 Fighting
 O Level 27 Axes
 + Level 22.1 Throwing
 O Level 27 Armour
 O Level 27 Dodging
 + Level 23.6 Stealth
 O Level 27 Unarmed Combat
 O Level 27 Spellcasting
 O Level 27 Invocations


You had 75 spell levels left.
You didn't know any spells.
Your spell library was empty.

Dungeon Overview and Level Annotations

Branches:
Dungeon (1/1)

Altars:
Makhleb

Annotations:
D corrupted


Innate Abilities, Weirdness & Mutations

You have a pair of horns on your head.
You are completely attuned to the shadows.
When hurt, damage is shared between your health and your magic reserves.
You regenerate magic rapidly.
When low on magic, you restore magic in place of health.
When seriously injured, your bleeding wounds create thick armour. (AC +9)


Message History

The alligator skeleton closely misses the destroyer.
Something closely misses the bag of meat.
Something stings the bag of meat.
Something hits the bag of meat.
The destroyer blinks!
The red draconian scorcher hits the destroyer with a +0 whip.
You hear a shout!
The ynoxinul completely misses you.
A starcursed mass splits.
You hear a shout!
The starcursed mass shudders and withdraws towards its neighbour. x3
You hear a shout!
You hear two shouts!
You hear a shout! x2
You continue putting on your glowing scarf {god gift}.
You hear a shout! x9
The destroyer hits you with a +9 great sword of slicing!!!
* * * LOW HITPOINT WARNING * * *
x2 The destroyer bites you!
* * * LOW HITPOINT WARNING * * *
The destroyer draws strength from your injuries!
The destroyer hits you with a +9 great sword of slicing!!!!!
Ouch! That really hurt!
You die... .. .. #.. .# o.#.3o#..V# .#.#......####. .....o..X#..... ...VoV_XXXX.

...V)o#XdX.
.4.#_)VZX#4
..uq)X@3Z..
##V.oVX.....
...#.o##W......
.###oZ ...###.
#M. ...# o..
..# .o.. ..


You could see an accursed (wandering), 6 destroyers, 6 bags of meat, 8 neutral
starcursed masses, a neutral red very ugly thing, a neutral green draconian, a
neutral tentacled starspawn, a neutral red draconian scorcher, a neutral large
abomination, a neutral hungry ghost, a neutral ynoxinul, a neutral chaos spawn,
a neutral dire elephant zombie, a neutral golden dragon zombie and a neutral
alligator skeleton.

Vanquished Creatures
  3 vampire knights (D)
  5 ogres (D)
  A two-headed ogre (D)
  17 orcs (D)
  A skeletal warrior (D)
  A large abomination (D)
  2 small abominations (D)
  A crawling corpse (D)
31 creatures vanquished.

Vanquished Creatures (others)
  6 starspawn tentacles (D)
6 creatures vanquished.

Grand Total: 37 creatures vanquished

Notes
Turn   | Place    | Note
-------+----------+-------------------------------------------
     0 | D        | Found the +∞ Axe of Woe
     0 | D        | Freyura the Demonspawn Abyssal Knight began the quest for
                  | the Orb.
     0 | D        | Reached XP level 1. HP: 18/18 MP: 2/2
     2 | D        | Noticed a meat berserker
     2 | D        | Noticed a meat berserker
     2 | D        | Noticed a bag of meat
     2 | D        | Noticed a bag of meat
     2 | D        | Noticed a bag of meat
     2 | D        | Noticed a bag of meat
     3 | D        | Noticed a bag of meat
     5 | D        | Killed a meat berserker
     5 | D        | Gained mutation: You have a pair of small horns on your
                  | head. [demonic ancestry]
     5 | D        | Reached XP level 2. HP: 48/48 MP: 2/11
     5 | D        | Reached XP level 3. HP: 54/54 MP: 2/12
     5 | D        | Reached XP level 4. HP: 62/62 MP: 2/14
     5 | D        | Gained mutation: When seriously injured, your bleeding
                  | wounds create armour. (AC +9) [demonic ancestry]
     5 | D        | Reached XP level 5. HP: 68/68 MP: 2/15
     5 | D        | Gained mutation: You are slightly more attuned to the
                  | shadows. [demonic ancestry]
     5 | D        | Reached XP level 6. HP: 75/75 MP: 2/17
     5 | D        | Reached XP level 7. HP: 81/81 MP: 2/18
     5 | D        | Reached XP level 8. HP: 89/89 MP: 2/20
     5 | D        | Gained mutation: When hurt, damage is shared between your
                  | health and your magic reserves. [demonic ancestry]
     5 | D        | Reached XP level 9. HP: 95/95 MP: 2/21
     5 | D        | Gained mutation: When seriously injured, your bleeding
                  | wounds create thick armour. (AC +9) [demonic ancestry]
     5 | D        | Reached XP level 10. HP: 102/102 MP: 2/22
     5 | D        | Gained mutation: You regenerate magic rapidly. [demonic
                  | ancestry]
     5 | D        | Reached XP level 11. HP: 108/108 MP: 2/23
     5 | D        | Reached XP level 12. HP: 116/116 MP: 2/24
     5 | D        | Reached XP level 13. HP: 122/122 MP: 2/25
     6 | D        | Killed a bag of meat
     6 | D        | Reached ** piety under Lugonu
     6 | D        | Killed a meat berserker
     6 | D        | Reached skill level 15 in Armour
     6 | D        | Gained mutation: You have a pair of horns on your head.
                  | [demonic ancestry]
     6 | D        | Reached XP level 14. HP: 138/138 MP: 2/28
     8 | D        | Killed a bag of meat
     8 | D        | Reached skill level 15 in Dodging
     8 | D        | Reached XP level 15. HP: 148/148 MP: 29/29
     8 | D        | Reached *** piety under Lugonu
    11 | D        | Gained mutation: You are significantly more attuned to the
                  | shadows. [demonic ancestry]
    11 | D        | Reached XP level 16. HP: 161/161 MP: 31/31
    15 | D        | Reached **** piety under Lugonu
    17 | D        | Received a gift from Lugonu
    18 | D        | Reached XP level 17. HP: 173/173 MP: 31/33
    19 | D        | Reached skill level 27 in Fighting
    21 | D        | Received a gift from Lugonu
    22 | D        | Reached skill level 27 in Axes
    22 | D        | Reached skill level 27 in Invocations
    22 | D        | Received a gift from Lugonu
    22 | D        | Reached XP level 18. HP: 182/182 MP: 33/35
    24 | D        | Noticed a large bag of meat
    28 | D        | Noticed a meat berserker
    30 | D        | Killed a large bag of meat
    31 | D        | Noticed a sculptor of flesh
    32 | D        | Killed a meat berserker
    32 | D        | Reached ***** piety under Lugonu
    32 | D        | Reached skill level 27 in Armour
    32 | D        | Reached skill level 27 in Dodging
    33 | D        | Gained mutation: When low on magic, you restore magic in
                  | place of health. [demonic ancestry]
    33 | D        | Reached XP level 19. HP: 46/189 MP: 8/36
    34 | D        | Noticed a meat berserker
    34 | D        | Received a gift from Lugonu
    34 | D        | Reached skill level 10 in Unarmed Combat
    34 | D        | Reached skill level 10 in Spellcasting
    36 | D        | Noticed a meat berserker
    39 | D        | Killed a meat berserker
    41 | D        | Reached XP level 20. HP: 68/197 MP: 11/45
    42 | D        | Killed a meat berserker
    43 | D        | Noticed a destroyer
    44 | D        | Corrupted D
    44 | D        | Noticed a destroyer
    44 | D        | Noticed a destroyer
    44 | D        | Noticed a destroyer
    45 | D        | Noticed a destroyer
    45 | D        | Noticed a destroyer
    47 | D        | Noticed a destroyer
    48 | D        | Killed a destroyer
    48 | D        | Received a gift from Lugonu
    48 | D        | Reached skill level 27 in Unarmed Combat
    48 | D        | Reached skill level 27 in Spellcasting
    48 | D        | Gained mutation: You are completely attuned to the shadows.
                  | [demonic ancestry]
    48 | D        | Reached XP level 21. HP: 67/204 MP: 32/52
    50 | D        | Killed a destroyer
    52 | D        | Killed a destroyer
    52 | D        | Reached XP level 22. HP: 72/212 MP: 34/53
    54 | D        | Noticed a destroyer
    54 | D        | Noticed a destroyer
    56 | D        | Annihilated by a destroyer

Skill      XL: |  1  2  3  4  5  6  7  8  9 10 11 12 13 14 15 16 17 18 19 20 21 |
---------------+----------------------------------------------------------------+-----
Fighting       | 17 21 22 24 26 27 | 27.0
Axes           | 16 20 23 25 27 | 27.0
Armour         | 12 15 17 19 22 27 | 27.0
Dodging        | 12 14 15 17 19 22 27 | 27.0
Invocations    | 16 20 21 23 25 27 | 27.0
Unarmed Combat | 4 21 27 | 27.0
Spellcasting   | 4 21 27 | 27.0
Throwing       | 12 22 | 22.1
Stealth        | 13 23 | 23.6

Action                   |  1- 3 |  4- 6 |  7- 9 | 10-12 | 13-15 | 16-18 | 19-21 | 22-24 || total
-------------------------+-------+-------+-------+-------+-------+-------+-------+-------++-------
Melee: Executioner's axe |     1 |       |       |       |     3 |     9 |    11 |       ||    24
Invok: Corrupt           |       |       |       |       |       |       |     1 |       ||     1
  Use: Potion            |       |       |       |       |     1 |       |     2 |       ||     3
Armor: Leather armour    |       |       |       |       |       |       |     1 |       ||     1
Dodge: Dodged            |       |       |       |       |       |       |     6 |     6 ||    12
